[ AOE2 MATCH · #506314520 ]
UnrankedMagyars vs Celts
Player's team · WIN
Rival team · LOSS
[ REPLAY ANALYSIS · EXTRACTED FROM THE RECORDED GAME ]
Feudal
8:28
Castle
21:32
Imperial
—
| APM avg | 79.8 |
| APM peak | 117 |
| eAPM avg | 43.6 |
| Villagers / military | 44 / 26 |
Focus
⚔️ 53.3% · 🌾 46.7%
Archer ×15 · Scout Cavalry ×10 · Spearman ×1
Feudal
11:15
Castle
—
Imperial
—
| APM avg | 50.5 |
| APM peak | 80 |
| eAPM avg | 18.3 |
| Villagers / military | 48 / 24 |
Focus
⚔️ 24.1% · 🌾 75.9%
Archer ×12 · Skirmisher ×8 · Militia ×3 · Spearman ×1
Match map
Initial resources + every placement click. Lines = walls · curves = elevation contours. ◆ gold · ⬟ stone · ● berries · ✦ relic · ◌ wall gap
Your base· Open — 3t gap
florida's base· ✓ Closed at 21:08 · 20t walls · 1 gate(s)
Smoothed initial terrain · ◌ = detected wall gap · hover for details
Inputs per minute
— 14' screen laptop kboard & wifi - - florida
Build order — 14' screen laptop kboard & wifi
First 150 of 157 actions detected
| 0:00 | Queue | Villager (Male) |
| 0:01 | Queue | Villager (Male) |
| 0:01 | Queue | Villager (Male) |
| 0:02 | Queue | Villager (Male) |
| 0:02 | Build | House |
| 0:04 | Build | House |
| 0:50 | Research | Loom |
| 1:20 | Queue | Villager (Male) |
| 1:35 | Build | Mill |
| 1:41 | Queue | Villager (Male) |
| 2:17 | Queue | Villager (Male) |
| 2:50 | Queue | Villager (Male) |
| 3:23 | Queue | Villager (Male) |
| 3:30 | Queue | Villager (Male) |
| 3:49 | Build | House |
| 3:55 | Queue | Villager (Male) |
| 4:09 | Queue | Villager (Male) |
| 4:19 | Queue | Villager (Male) |
| 4:32 | Queue | Villager (Male) |
| 4:52 | Queue | Villager (Male) |
| 5:17 | Build | Lumber Camp |
| 5:49 | Research | Loom |
| 6:16 | Research | Feudal Age |
| 6:16 | Research | Feudal Age |
| 7:41 | Build | Barracks |
| 8:00 | Queue | Villager (Male) |
| 8:28 | Age | Feudal Age |
| 8:36 | Build | House |
| 8:43 | Build | Palisade Wall |
| 8:46 | Build | Palisade Wall |
| 8:49 | Queue | Spearman |
| 8:51 | Build | House |
| 8:56 | Queue | Villager (Male) |
| 9:08 | Build | Palisade Wall |
| 9:10 | Build | Palisade Wall |
| 9:11 | Build | Palisade Wall |
| 9:16 | Build | Palisade Wall |
| 9:19 | Build | Palisade Wall |
| 9:20 | Build | Palisade Wall |
| 9:24 | Queue | Villager (Male) |
| 9:37 | Build | Archery Range |
| 9:41 | Queue | Villager (Male) |
| 9:54 | Research | Double-Bit Axe |
| 9:57 | Queue | Villager (Male) |
| 10:06 | Build | Palisade Wall |
| 10:20 | Queue | Villager (Male) |
| 10:29 | Build | Mining Camp |
| 10:33 | Build | House |
| 10:34 | Queue | Archer |
| 10:44 | Build | Palisade Wall |
| 10:47 | Queue | Villager (Male) |
| 11:21 | Build | Mill |
| 11:21 | Queue | Villager (Male) |
| 11:38 | Queue | Villager (Male) |
| 11:47 | Queue | Archer |
| 11:55 | Build | Palisade Wall |
| 11:57 | Build | Palisade Wall |
| 12:03 | Build | Palisade Wall |
| 12:05 | Build | Palisade Wall |
| 12:10 | Queue | Archer |
| 12:11 | Queue | Villager (Male) |
| 12:12 | Build | Farm |
| 12:13 | Build | Farm |
| 12:32 | Build | House |
| 12:33 | Queue | Archer |
| 12:35 | Queue | Villager (Male) |
| 12:46 | Queue | Villager (Male) |
| 12:48 | Build | Farm |
| 12:49 | Build | Farm |
| 13:13 | Queue | Villager (Male) |
| 13:24 | Build | House |
| 13:28 | Build | Palisade Wall |
| 13:31 | Queue | Archer |
| 13:32 | Queue | Villager (Male) |
| 13:39 | Build | Stable |
| 13:49 | Build | Farm |
| 13:57 | Build | House |
| 13:57 | Build | Palisade Wall |
| 14:01 | Queue | Villager (Male) |
| 14:05 | Queue | Archer |
| 14:12 | Build | Farm |
| 14:27 | Build | Farm |
| 14:34 | Queue | Scout Cavalry |
| 14:35 | Queue | Villager (Male) |
| 14:39 | Build | Farm |
| 14:46 | Queue | Scout Cavalry |
| 14:47 | Queue | Villager (Male) |
| 14:53 | Build | Farm |
| 14:59 | Queue | Villager (Male) |
| 15:04 | Build | Farm |
| 15:07 | Queue | Scout Cavalry |
| 15:23 | Queue | Villager (Male) |
| 15:25 | Build | Farm |
| 15:26 | Build | Farm |
| 15:30 | Queue | Archer |
| 15:50 | Build | Farm |
| 15:54 | Queue | Villager (Male) |
| 15:59 | Queue | Scout Cavalry |
| 16:00 | Queue | Villager (Male) |
| 16:06 | Build | Lumber Camp |
| 16:20 | Queue | Villager (Male) |
| 16:29 | Queue | Scout Cavalry |
| 16:32 | Queue | Villager (Male) |
| 16:35 | Queue | Archer |
| 16:46 | Queue | Archer |
| 16:51 | Research | Wheelbarrow |
| 17:02 | Research | Wheelbarrow |
| 17:02 | Research | Wheelbarrow |
| 17:06 | Build | House |
| 17:06 | Build | House |
| 17:15 | Build | Farm |
| 17:33 | Queue | Archer |
| 17:40 | Build | Farm |
| 17:59 | Build | Blacksmith |
| 18:05 | Queue | Archer |
| 18:07 | Build | Palisade Wall |
| 18:13 | Queue | Villager (Male) |
| 18:20 | Build | Palisade Gate |
| 18:26 | Build | House |
| 18:27 | Queue | Archer |
| 18:52 | Research | Castle Age |
| 18:53 | Research | Castle Age |
| 19:17 | Queue | Scout Cavalry |
| 19:22 | Build | House |
| 19:42 | Research | Bloodlines |
| 19:56 | Queue | Scout Cavalry |
| 20:03 | Build | Palisade Wall |
| 20:06 | Research | Scale Barding Armor |
| 20:12 | Queue | Villager (Male) |
| 20:17 | Build | Palisade Wall |
| 20:27 | Build | House |
| 20:28 | Build | House |
| 20:34 | Build | Farm |
| 20:35 | Queue | Scout Cavalry |
| 20:39 | Research | Horse Collar |
| 20:44 | Queue | Scout Cavalry |
| 20:52 | Build | Farm |
| 21:02 | Research | Fletching |
| 21:05 | Queue | Archer |
| 21:15 | Build | Farm |
| 21:28 | Queue | Scout Cavalry |
| 21:31 | Build | Farm |
| 21:32 | Build | Stable |
| 21:32 | Age | Castle Age |
| 21:36 | Research | Bodkin Arrow |
| 21:36 | Research | Bodkin Arrow |
| 21:50 | Queue | Villager (Male) |
| 21:53 | Build | Town Center |
| 22:01 | Research | Gold Mining |
| 22:10 | Research | Crossbowman (upgrade) |
Build order — florida
First 150 of 157 actions detected
| 0:01 | Queue | Villager (Male) |
| 0:01 | Queue | Villager (Male) |
| 0:02 | Queue | Villager (Male) |
| 0:02 | Queue | Villager (Male) |
| 0:03 | Build | House |
| 0:05 | Build | House |
| 1:27 | Queue | Villager (Male) |
| 1:28 | Queue | Villager (Male) |
| 1:52 | Queue | Villager (Male) |
| 1:52 | Queue | Villager (Male) |
| 1:58 | Build | Lumber Camp |
| 2:02 | Build | Lumber Camp |
| 2:18 | Queue | Villager (Male) |
| 2:18 | Queue | Villager (Male) |
| 2:36 | Build | House |
| 2:36 | Build | House |
| 2:42 | Queue | Villager (Male) |
| 2:42 | Queue | Villager (Male) |
| 3:02 | Queue | Villager (Male) |
| 3:03 | Queue | Villager (Male) |
| 3:33 | Queue | Villager (Male) |
| 4:09 | Queue | Villager (Male) |
| 4:28 | Build | Mill |
| 4:36 | Queue | Villager (Male) |
| 4:37 | Queue | Villager (Male) |
| 4:37 | Queue | Villager (Male) |
| 5:23 | Queue | Villager (Male) |
| 5:40 | Queue | Villager (Male) |
| 6:12 | Queue | Villager (Male) |
| 6:15 | Queue | Villager (Male) |
| 6:24 | Build | Barracks |
| 6:27 | Queue | Villager (Male) |
| 6:41 | Queue | Villager (Male) |
| 6:55 | Build | House |
| 6:57 | Build | Palisade Wall |
| 7:30 | Research | Loom |
| 7:50 | Queue | Militia |
| 7:51 | Queue | Militia |
| 7:51 | Queue | Militia |
| 8:01 | Build | Mill |
| 8:16 | Queue | Villager (Male) |
| 8:21 | Build | House |
| 9:05 | Research | Feudal Age |
| 9:05 | Research | Feudal Age |
| 9:08 | Build | Lumber Camp |
| 9:27 | Build | Farm |
| 9:34 | Build | Palisade Wall |
| 9:36 | Build | Palisade Wall |
| 9:37 | Build | Palisade Wall |
| 9:41 | Build | Palisade Wall |
| 10:26 | Build | Palisade Wall |
| 10:32 | Build | Palisade Wall |
| 10:33 | Build | Palisade Wall |
| 10:38 | Build | Farm |
| 10:38 | Build | Farm |
| 10:40 | Build | Farm |
| 10:51 | Build | House |
| 11:15 | Age | Feudal Age |
| 11:16 | Build | Blacksmith |
| 11:17 | Build | House |
| 11:18 | Queue | Villager (Male) |
| 11:19 | Research | Double-Bit Axe |
| 11:21 | Research | Man-at-Arms (upgrade) |
| 11:25 | Queue | Spearman |
| 11:27 | Build | House |
| 11:41 | Build | Mining Camp |
| 11:43 | Queue | Villager (Male) |
| 11:49 | Build | Farm |
| 11:54 | Build | House |
| 12:07 | Queue | Villager (Male) |
| 12:38 | Build | Archery Range |
| 12:47 | Queue | Villager (Male) |
| 13:03 | Build | Farm |
| 13:03 | Queue | Villager (Male) |
| 13:06 | Build | Farm |
| 13:25 | Queue | Villager (Male) |
| 13:27 | Queue | Skirmisher |
| 13:32 | Build | Farm |
| 13:34 | Build | Farm |
| 13:34 | Queue | Villager (Male) |
| 13:45 | Research | Padded Archer Armor |
| 13:55 | Build | House |
| 13:58 | Build | House |
| 14:13 | Queue | Villager (Male) |
| 14:13 | Queue | Villager (Male) |
| 14:31 | Queue | Villager (Male) |
| 14:49 | Queue | Skirmisher |
| 15:05 | Build | House |
| 15:07 | Build | Palisade Wall |
| 15:09 | Build | Palisade Wall |
| 15:12 | Queue | Skirmisher |
| 15:13 | Queue | Villager (Male) |
| 15:26 | Queue | Skirmisher |
| 15:30 | Build | Farm |
| 15:31 | Build | Farm |
| 15:31 | Queue | Villager (Male) |
| 15:46 | Queue | Skirmisher |
| 15:48 | Build | Farm |
| 16:04 | Queue | Villager (Male) |
| 16:20 | Queue | Skirmisher |
| 16:30 | Build | Farm |
| 16:46 | Queue | Villager (Male) |
| 16:51 | Queue | Skirmisher |
| 17:01 | Build | Farm |
| 17:11 | Queue | Villager (Male) |
| 17:33 | Queue | Villager (Male) |
| 17:43 | Research | Fletching |
| 17:43 | Research | Fletching |
| 17:44 | Queue | Villager (Male) |
| 17:47 | Build | Farm |
| 17:47 | Build | Farm |
| 18:08 | Queue | Villager (Male) |
| 18:10 | Build | Farm |
| 18:11 | Build | Farm |
| 18:16 | Build | Market |
| 18:24 | Queue | Skirmisher |
| 18:39 | Build | Archery Range |
| 18:53 | Queue | Villager (Male) |
| 18:55 | Build | Farm |
| 19:10 | Queue | Villager (Male) |
| 19:13 | Build | Farm |
| 19:19 | Queue | Archer |
| 19:19 | Queue | Archer |
| 19:29 | Build | House |
| 19:30 | Build | House |
| 19:35 | Build | House |
| 20:03 | Build | Farm |
| 20:06 | Build | Farm |
| 20:09 | Queue | Archer |
| 20:10 | Queue | Archer |
| 20:11 | Queue | Villager (Male) |
| 20:14 | Build | Farm |
| 20:17 | Build | House |
| 20:18 | Build | House |
| 20:22 | Queue | Archer |
| 20:31 | Build | Palisade Gate |
| 20:34 | Build | Palisade Wall |
| 20:39 | Queue | Archer |
| 20:40 | Queue | Villager (Male) |
| 21:08 | Research | Castle Age |
| 21:09 | Research | Castle Age |
| 21:23 | Build | Palisade Wall |
| 21:26 | Queue | Archer |
| 21:26 | Queue | Archer |
| 21:40 | Build | Farm |
| 21:46 | Queue | Archer |
| 21:46 | Queue | Archer |
| 21:52 | Build | House |
| 21:54 | Build | Farm |
| 21:57 | Queue | Archer |
Match timeline
| 6:24 | florida · first_building Barracks |
| 6:57 | florida · wall_segment Palisade Wall x3 |
| 7:41 | 14' screen laptop kboard & wifi · first_building Barracks |
| 8:28 | 14' screen laptop kboard & wifi · age_up feudal |
| 8:43 | 14' screen laptop kboard & wifi · wall_segment Palisade Wall x1 |
| 8:46 | 14' screen laptop kboard & wifi · wall_segment Palisade Wall x1 |
| 9:08 | 14' screen laptop kboard & wifi · wall_segment Palisade Wall x1 |
| 9:10 | 14' screen laptop kboard & wifi · wall_segment Palisade Wall x1 |
| 9:11 | 14' screen laptop kboard & wifi · wall_segment Palisade Wall x1 |
| 9:16 | 14' screen laptop kboard & wifi · wall_segment Palisade Wall x1 |
| 9:19 | 14' screen laptop kboard & wifi · wall_segment Palisade Wall x1 |
| 9:20 | 14' screen laptop kboard & wifi · wall_segment Palisade Wall x2 |
| 9:34 | florida · wall_segment Palisade Wall x1 |
| 9:36 | florida · wall_segment Palisade Wall x1 |
| 9:37 | 14' screen laptop kboard & wifi · first_building Archery Range |
| 9:37 | florida · wall_segment Palisade Wall x1 |
| 9:41 | florida · wall_segment Palisade Wall x1 |
| 10:06 | 14' screen laptop kboard & wifi · wall_segment Palisade Wall x1 |
| 10:26 | florida · wall_segment Palisade Wall x1 |
| 10:32 | florida · wall_segment Palisade Wall x1 |
| 10:33 | florida · wall_segment Palisade Wall x1 |
| 10:44 | 14' screen laptop kboard & wifi · wall_segment Palisade Wall x1 |
| 11:15 | florida · age_up feudal |
| 11:55 | 14' screen laptop kboard & wifi · wall_segment Palisade Wall x1 |
| 11:57 | 14' screen laptop kboard & wifi · wall_segment Palisade Wall x1 |
| 12:03 | 14' screen laptop kboard & wifi · wall_segment Palisade Wall x1 |
| 12:05 | 14' screen laptop kboard & wifi · wall_segment Palisade Wall x1 |
| 12:38 | florida · first_building Archery Range |
| 13:28 | 14' screen laptop kboard & wifi · wall_segment Palisade Wall x1 |
| 13:39 | 14' screen laptop kboard & wifi · first_building Stable |
| 13:57 | 14' screen laptop kboard & wifi · wall_segment Palisade Wall x1 |
| 15:07 | florida · wall_segment Palisade Wall x6 |
| 15:09 | florida · wall_segment Palisade Wall x3 |
| 18:07 | 14' screen laptop kboard & wifi · wall_segment Palisade Wall x1 |
| 20:03 | 14' screen laptop kboard & wifi · wall_segment Palisade Wall x1 |
| 20:17 | 14' screen laptop kboard & wifi · wall_segment Palisade Wall x10 |
| 20:34 | florida · wall_segment Palisade Wall x1 |
| 20:43 | florida · first_market_sell 100 wood |
| 20:45 | florida · first_market_buy 100 food |
| 21:23 | florida · wall_segment Palisade Wall x1 |
| 21:32 | 14' screen laptop kboard & wifi · age_up castle |
| 23:05 | florida · resign |
[ AI ANALYSIS · 1 CREDIT ]
What really happened in this match?
Wolo.gg analyzes every decision: build order, eco, micro, common mistakes by bracket. Personalized analysis on WhatsApp or Discord in 30 seconds.
Civ guide
Magyars
Perfil
Jugador #10802610